 Dungeon Crawl Stone Soup version 0.21-a0-150-gc243083 (webtiles) character file.

221 Starchild the Gusty (level 5, -5/28 HPs)
             Began as a Tengu Air Elementalist on July 26, 2017.
             Slain by an ogre
             ... wielding a +0 giant club
              (21 damage)
             ... on level 3 of the Dungeon.
             The game lasted 00:19:02 (3181 turns).

Starchild the Gusty (Tengu Air Elementalist)        Turns: 3181, Time: 00:19:03

Health: -5/28      AC:  3    Str:  8    XL:     5   Next: 98%
Magic:  1/9        EV: 13    Int: 16    God:
Gold:   130        SH:  0    Dex: 15    Spells: 2/8 levels left

rFire    . . .     SeeInvis .   g - +1 dagger (venom)
rCold    . . .     Gourm    .   (no shield)
rNeg     . . .     Faith    .   a - +0 robe
rPois    .         Spirit   .   (helmet restricted)
rElec    .         Reflect  .   j - +0 cloak
rCorr    .         Harm     .   (no gloves)
MR       .....     Rnd*Tele +   (boots unavailable)
Stlth    ++........             (no amulet)
HPRegen  0.09/turn              h - ring of teleportation (curse)
MPRegen  0.11/turn              (no ring)

@: no status effects
A: beak, talons 3, able to fly 1
a: Fly


You were on level 3 of the Dungeon.
You were not hungry.

You visited 1 branch of the dungeon, and saw 3 of its levels.

You collected 130 gold pieces.

Inventory:

Hand Weapons
 d - a +0 short sword of speed
 g - a +1 dagger of venom (weapon)
Missiles
 e - 118 stones
 l - 23 arrows
 o - 39 bolts
 w - 3 tomahawks (quivered)
Armour
 a - a +0 robe (worn)
 j - a +0 cloak (worn)
Jewellery
 h - a cursed ring of teleportation (left hand)
Wands
 u - a wand of iceblast (9/15)
Scrolls
 f - 2 scrolls of blinking
 n - a scroll of teleportation
 r - a scroll of identify
 v - a scroll of noise {unknown}
Potions
 i - a potion of flight {unknown}
 p - 2 potions of agility {unknown}
 q - a potion of haste {unknown}
Books
 b - a book of Air

   Spells                             Type                      Level
   a - Shock                          Conjuration/Air              1
   b - Swiftness                      Charms/Air                   2
   c - Static Discharge               Conjuration/Air              3
   d - Airstrike                      Air                          4
   e - Lightning Bolt                 Conjuration/Air              5
Comestibles
 c - 3 bread rations
 k - a fruit
 m - 2 meat rations
 s - 2 chunks of flesh
 t - a royal jelly


   Skills:
 - Level 2.1 Dodging
 - Level 2.0 Stealth
 - Level 2.0 Spellcasting
 + Level 4.7 Conjurations
 - Level 7.1 Air Magic


You had 2 spell levels left.
You knew the following spells:

 Your Spells              Type           Power        Failure   Level  Hunger
a - Shock                 Conj/Air       ###.         1%          1    #......
b - Swiftness             Chrm/Air       ##......     8%          2    ###....
c - Static Discharge      Conj/Air       ###.....     5%          3    ###....


Dungeon Overview and Level Annotations

Branches:
Dungeon (3/15)

Altars:
Fedhas
The Shining One

Annotations:
D:3 p0werm0de's ghost, amateur DsEn


Innate Abilities, Weirdness & Mutations

You have a beak for a mouth.
You have claws for feet.
You can fly.


Message History

The ogre closely misses you.
Casting: Shock
Confirm with . or Enter, or press ? or * to list all spells.
Aiming: Shock
Press: ? - help, Shift-Dir - straight line The zap hits the ogre.
The ogre is heavily wounded.
The ogre misses you.
You hit the ogre.
The ogre is heavily wounded.
The ogre misses you.
You hit the ogre.
The ogre is poisoned.
The ogre is severely wounded.
You hit the ogre but do no damage. You peck the ogre.
The ogre is severely wounded.
The ogre closely misses you.
You see here a stone.
The ogre hits you with a giant club!!
Ouch! That really hurt!
You die...

#.#.#
#...[.....#
##.# #....#
#.........#
#.. .....##
#.........#
### ......
#.........#
......
#####.......#
#...#.......#
#%%.#......##
#...#.....##
#)##@#####
#))O(# ######


You could see an ogre.

Vanquished Creatures
  2 orc priests (D:3)
  6 adders
  3 worms
  2 dart slugs (D:2)
  2 leopard geckos (D:1)
  8 orcs (D:3)
  5 giant cockroaches
  10 goblins
  7 hobgoblins
  7 jackals
  7 kobolds
  3 quokkas
  2 ball pythons (D:1)
  13 bats
  A frilled lizard (D:2)
  8 rats
86 creatures vanquished.

Notes
Turn   | Place    | Note
-------+----------+-------------------------------------------
     0 | D:1      | Starchild the Tengu Air Elementalist began the quest for the Orb.
     0 | D:1      | Reached XP level 1. HP: 10/10 MP: 4/4
   146 | D:1      | Reached XP level 2. HP: 15/15 MP: 3/6
   150 | D:1      | Learned a level 2 spell: Swiftness
   483 | D:1      | Reached skill level 5 in Air Magic
  1071 | D:2      | Reached XP level 3. HP: 18/19 MP: 2/7
  1126 | D:2      | Learned a level 3 spell: Static Discharge
  1277 | D:2      | Reached skill level 6 in Air Magic
  1280 | D:2      | Reached XP level 4. HP: 22/24 MP: 1/8
  1775 | D:2      | Found a glowing golden altar of the Shining One.
  1784 | D:2      | Reached skill level 7 in Air Magic
  2283 | D:3      | Found a blossoming altar of Fedhas.
  2403 | D:3      | Gained mutation: You can fly. [Tengu growth]
  2403 | D:3      | Reached XP level 5. HP: 28/28 MP: 4/9
  2745 | D:3      | Noticed p0werm0de's ghost (amateur DsEn)
  3151 | D:3      | Noticed an ogre
  3181 | D:3      | Slain by an ogre

Vault maps used:
D:1:      co_arrival_random_square_maze
D:2:      nicolae_tso_swordbearing_angel
D:3:      fedhas_altar_3, first_bread, minmay_ogre_servants

Skill      XL: |  1  2  3  4  5 |
---------------+----------------+-----
Air Magic      | 5 6 7 |  7.1
Conjurations   | 2 4 |  4.7
Dodging        | |  2.1
Stealth        | |  2.0
Spellcasting   | |  2.0

Action                   |  1- 3 |  4- 6 || total
-------------------------+-------+-------++-------
Melee: Short sword       |     6 |       ||     6
       Dagger            |    29 |    91 ||   120
       Kick              |     6 |    19 ||    25
       Peck              |     4 |     8 ||    12
Throw: Stone             |     1 |     3 ||     4
 Cast: Shock             |    31 |    52 ||    83
       Static Discharge  |     1 |    10 ||    11
       Swiftness         |       |     1 ||     1
  Use: Scroll            |     1 |     2 ||     3
 Stab: Sleeping          |       |     3 ||     3
  Eat: Chunk             |     1 |     9 ||    10
Armor: Robe              |    15 |    18 ||    33
Dodge: Dodged            |    25 |    84 ||   109
